 BcadrenCrawl: Boulder Brew version 0.04.2-14-g97babad5ff (webtiles) character file.

Game seed: 2676113180861131858, levelgen mode: deterministic

390 diana the Slinger (level 7, 0/40 HPs) Kobold Hunter. Began on May 8, 2021. Succumbed to a water moccasin's poison ... on level 2 of the Dungeon. The game lasted 00:04:24 (1291 turns).

diana the Slinger (Kobold Hunter)                   Turns: 1291, Time: 00:04:25

Health: 0/40       AC:  4    Str:  9    XL:     7 ^: 451
Magic:  7/7        EV: 20    Int: 12    God:
Gold:   82         SH:  0    Dex: 23    Spells: 6/6 levels left

rFire    . . .     Vision   .   j - +0 short sword
rCold    . . .     Gourm    .   b - +0 short sword
rNeg     . . .     Faith    .   c - +0 leather armour
rPois    .         Spirit   .   (no helmet)
rElec    .         Reflect  .   (no cloak)
rCorr    .         Harm     .   (no gloves)
MR       .....                  l - +0 pair of boots
Stlth    +++.......             (no amulet)
HPRegen  0.23/turn              (no ring)
MPRegen  0.17/turn              (no ring)

@: agile, lethally poisoned (0 -> -8)
A: small, carnivore
a: no special abilities


You were on level 2 of the Dungeon.
You were not hungry.

You visited 1 branch of the dungeon, and saw 2 of its levels.

You collected 82 gold pieces.

Inventory:

Weapons
 a - a +1 hunting sling
 b - a +0 short sword (weapon)
 j - a +0 short sword (weapon)
Armour
 c - a +0 leather armour (worn)
 l - a +0 pair of boots (worn)
Jewellery
 e - a cursed ring of evasion {(Curse: rF-)}
 i - an uncursed amulet of faith
 m - a cursed ring of wizardry {(Curse: Slay-5)}
Scrolls
 g - a scroll of amnesia
 h - 2 scrolls of fog
 o - a scroll of bless item
Potions
 k - 3 potions of haste
 n - a potion of invisibility
Comestibles
 d - 6 rations


   Skills:
 - Level 2.1 Fighting
 + Level 4.4 Short Blades
 * Level 9.8 Slings
 - Level 2.4 Dodging
 - Level 1.3 Stealth


You had 6 spell levels left.
You didn't know any spells.
Your spell library was empty.

Dungeon Overview and Level Annotations

Branches:
Dungeon (2/8)

Altars:


Innate Abilities, Weirdness & Mutations

You are small and have problems with some larger weapons.
You are carnivorous and can eat meat at any time.


Message History

The water moccasin poisons you (19)!!
Unknown command.
You hit the water moccasin (2). You hit the water moccasin (3).
The water moccasin is heavily wounded. (12/26) HP
* * * LOW HITPOINT WARNING * * *
You feel sick. (2)
The water moccasin closely misses you (0).
The water moccasin barely misses you (0).
You hit the water moccasin but do no damage.
You hit the water moccasin (4).
The water moccasin is severely wounded. (8/26) HP
* * * LOW HITPOINT WARNING * * *
You feel sick. (1)
The water moccasin bites you (6).
* * * LOW HITPOINT WARNING * * *
Okay, then.
Okay, then.
You hit the water moccasin (5). You miss the water moccasin.
The water moccasin is almost dead. (4/26) HP You die...

P≈≈≈≈≈≈b≈≈≈≈≈≈≈≈
PPP≈PP≈≈≈≈≈≈≈≈≈≈
PP≈≈≈≈≈≈≈≈≈≈≈≈≈≈≈
≈≈≈≈≈≈b≈≈≈≈≈≈≈≈≈
≈≈Pb≈≈≈≈≈≈≈≈≈≈b≈
≈P≈.PP≈††≈≈.≈≈≈≈≈≈P.
P.....≈≈≈≈≈...≈≈....
..##..##†######.#≈.
# #≈†##†@S≈####≈.#
..
#†≈≈##..)≈≈...≈#..
###r≈##..†........
#≈≈.####≈.....##≈
#≈#r†..#...>..# ###
≈.≈#≈s.r##.††.##≈≈≈#
≈ ..≈#
#P#.r###.≈###≈≈# ≈≈
≈..≈
#P#.††#†###....##≈≈≈
≈.# ###..†.#≈...≈..≈
≈


You could see a water moccasin.

Vanquished Creatures
  A jelly (D:2)
  4 giant cockroaches
  2 adders (D:2)
  22 sewer rats (D:2)
  3 worms (D:2)
  2 cinder newts (D:1)
  3 dart slugs (D:1)
  3 leopard geckos
  7 goblins (D:1)
  6 hobgoblins (D:1)
  7 kobolds (D:1)
  A ball python (D:1)
  9 bats
  3 rats (D:1)
73 creatures vanquished.

Vanquished Creatures (others)
  A sewer rat (D:2)
  A worm (D:2)
  2 bats (D:2)
  A ball python skeleton (D:2)
  A giant blowfly (D:2)
  33 withered plants (D:2)
39 creatures vanquished.

Grand Total: 112 creatures vanquished

Notes
Turn   | Place    | Note
-------+----------+-------------------------------------------
     0 | D:1      | diana the Kobold Hunter began the quest for the Orb.
     0 | D:1      | Reached XP level 1. HP: 12/12 MP: 1/1
    45 | D:1      | Reached skill level 6 in Slings
    76 | D:1      | Reached skill level 1 in Short Blades
    76 | D:1      | Reached XP level 2. HP: 17/17 MP: 2/2
    95 | D:1      | Reached XP level 3. HP: 21/21 MP: 3/3
   160 | D:1      | Reached skill level 7 in Slings
   334 | D:1      | Reached XP level 4. HP: 16/26 MP: 4/4
   581 | D:1      | Reached XP level 5. HP: 30/30 MP: 5/5
  1008 | D:2      | Reached skill level 8 in Slings
  1064 | D:2      | Reached XP level 6. HP: 33/35 MP: 6/6
  1085 | D:2      | Reached skill level 9 in Slings
  1227 | D:2      | Reached XP level 7. HP: 31/40 MP: 7/7
  1290 | D:2      | HP: 1/40 [water moccasin (6)]
  1291 | D:2      | Succumbed to a water moccasin's poison

Levels and vault maps discovered:
D:1:      minmay_arrival_split_and_join, layout_basic
D:2:      layout_sewer, uniq_purgy

Skill      XL: |  1  2  3  4  5  6 |
---------------+-------------------+-----
Slings         | 6 7 8 9 |  9.8
Short Blades   | 1 2 3 4 |  4.4
Fighting       | |  2.1
Dodging        | |  2.4
Stealth        | |  1.3

Action                   |  1- 3 |  4- 6 |  7- 9 || total
-------------------------+-------+-------+-------++-------
Melee: Short sword       |     8 |   107 |    46 ||   161
       Unarmed           |     5 |       |       ||     5
 Fire: Hunting sling     |    44 |    59 |     5 ||   108
  Use: Potion            |       |       |     1 ||     1
 Stab: Sleeping          |       |     1 |       ||     1
  Eat: Chunk             |       |     2 |       ||     2
Armor: Leather armour    |     1 |    13 |     3 ||    17
Dodge: Dodged            |    14 |    85 |    47 ||   146
